 Dungeon Crawl Stone Soup version 0.24-a0-271-ga0fc33f (webtiles) character file.

Game seed: 670892283463052078

6 gruber the Shooter (level 1, 0/18 HPs)
             Began as a Centaur Hunter on Apr 23, 2019.
             Slain by a goblin
             ... wielding a cursed +0 club
              (3 damage)
             ... on level 1 of the Dungeon.
             The game lasted 00:00:24 (252 turns).

gruber the Shooter (Centaur Hunter)                  Turns: 252, Time: 00:00:25

Health: 0/18       AC:  4    Str: 14    XL:     1   Next: 75%
Magic:  1/1        EV:  9    Int: 10    God:
Gold:   6          SH:  0    Dex:  9    Spells: 0/0 levels left

rFire    . . .     SeeInvis .   b - +0 short sword
rCold    . . .     Gourm    .   (no shield)
rNeg     . . .     Faith    .   c - +0 leather armour
rPois    .         Spirit   .   (no helmet)
rElec    .         Reflect  .   (no cloak)
rCorr    .         Harm     .   (no gloves)
MR       .....                  (no barding)
Stlth    +.........             (no amulet)
HPRegen  0.06/turn              (no ring)
MPRegen  0.07/turn              (no ring)

@: lethally poisoned (0 -> -3), very quick
A: large, hooves 3, deformed body, speed 2, tough skin 3
a: no special abilities


You were on level 1 of the Dungeon.
You were not hungry.

You visited 1 branch of the dungeon, and saw 1 of its levels.

You collected 6 gold pieces.

Inventory:

Hand Weapons
 a - a +1 shortbow
 b - a +0 short sword (weapon)
Missiles
 d - 42 arrows
Armour
 c - a +0 leather armour (worn)
Jewellery
 e - an uncursed ring of magical power {unknown}
Scrolls
 g - a scroll of identify {unknown}
Comestibles
 f - a ration


   Skills:
 * Level 2.6 Fighting
 - Level 5.3 Bows
 - Level 1.3 Dodging
 - Level 0.4 Stealth


You couldn't memorise any spells.
You didn't know any spells.
Your spell library was empty.

Dungeon Overview and Level Annotations

Branches:
Dungeon (1/15)

Altars:


Innate Abilities, Weirdness & Mutations

You have hooves in place of feet.
Armour fits poorly on your strangely shaped body.
You cover ground very quickly.
You have extremely tough skin. (AC +3)


Message History

The bat hits you.
You feel sick. The bat barely misses you. The bat closely misses you.
The bat hits you.
You feel sick. The bat hits you. The bat completely misses you.
* * * LOW HITPOINT WARNING * * *
You feel sick. The bat barely misses you. The bat hits you but does no damage.
The bat hits you but does no damage. The bat hits you but does no damage.
* * * LOW HITPOINT WARNING * * *
You feel sick. The bat closely misses you. The bat hits you but does no damage.
You hit the bat.
You kill the bat!
You hit the goblin but do no damage. Your kick misses the goblin.
* * * LOW HITPOINT WARNING * * *
You feel sick.
The goblin hits you with a cursed +0 club.
You die...

####..........##.#
####.#######.###.#.#
...................#
####.####.##.###.## .#
..........#..# #.###.#
###..........# #.##... .(.. #
#.#.....#..# #.##..# ###.....
###..........# #.##..# #........
....#.#.###..# #@##.[# #.....#.#
.............# #g##..# ......$.#
###.######...# #r##..####.#.....#
#.###.##.....# #.r.gr............
#...#..#.##..######r.#....#......
###.##.#..#..##...........).(....
#....#.##.#..##.#......#.........
#..#......#..##.#.#.#.##.........
#..########..##.#.#..............


You could see a goblin and 2 rats.

Vanquished Creatures
  2 goblins (D:1)
  A hobgoblin (D:1)
  A bat (D:1)
  A frilled lizard (D:1)
  A kobold (D:1)
6 creatures vanquished.

Notes
Turn   | Place    | Note
-------+----------+-------------------------------------------
     0 | D:1      | gruber the Centaur Hunter began the quest for the Orb.
     0 | D:1      | Reached XP level 1. HP: 17/17 MP: 1/1
   252 | D:1      | Slain by a goblin

Levels and vault maps discovered:
D:1:      psy_arrival_radial01, layout_basic, palyth_stone_intersect

Action                   || total
-------------------------++-------
Melee: Short sword       ||    10
 Fire: Shortbow          ||     9
Armor: Leather armour    ||     6
Dodge: Dodged            ||    12

Table legend:
 A = Non-vault XP
 B = Vault XP
 C = Vault XP percentage of total XP
 D = Non-vault monster count
 E = Vault monster count
 F = Vault count percentage of total count
                 A         B        C        D         E       F
            +---------+---------+-------+---------+---------+-------
      Total |       9 |       0 |   0.0 |       6 |       0 |   0.0
            +---------+---------+-------+---------+---------+-------
        D:1 |       9 |       0 |   0.0 |       6 |       0 |   0.0
            +---------+---------+-------+---------+---------+-------
